 Dungeon Crawl Stone Soup version 0.31.0-4-g52a2dc7128 (webtiles) character file.

Game seed: 5980832949971100123

140 Aviak the Changeling (level 5, -5/37 HPs)
             Began as an Octopode Shapeshifter on Jan 22, 2024.
             Was a Follower of Uskayaw.
             Slain by Jessica
             ... wielding a +0 dagger
              (8 damage)
             ... on level 3 of the Dungeon.
             The game lasted 00:03:20 (2610 turns).

Aviak the Changeling (Octopode Shapeshifter)        Turns: 2610, Time: 00:03:20

Health: -5/37      AC:  0    Str: 13    XL:     5   Next: 23%
Magic:  5/5        EV: 15    Int: 12    God:    Uskayaw [*.....]
Gold:   97         SH:  0    Dex: 14    Spells: 4/4 levels left

rFire   . .          .
                       - Unarmed
rCold   . . .        (shield currently unavailable)
rNeg    . . .        (helmet currently unavailable)
rPois   .            (no amulet)
rElec   .            Z - melded ring of see invisible
rCorr   .            (ring currently unavailable)
SInv    .            (ring currently unavailable)
Will    .....        (ring currently unavailable)
Stlth   +            (ring currently unavailable)
HPRegen 0.26/turn    (ring currently unavailable)
MPRegen 0.09/turn    (ring currently unavailable)
                     (ring currently unavailable)

%: no passive effects
@: mighty, lethally poisoned (-5 -> -7), pig-form (expiring), attractive,
hasted, very quick
A: fast, no casting, almost no armour, (amphibious), (8 rings), small,
(camouflage 1), (gelatinous body 1), (nimble swimmer 1), (tentacles), (tentacle
spike 1), (large bone plates 1), robust 1, devolution 1
a: Renounce Religion, Stomp


You were on level 3 of the Dungeon.
You worshipped Uskayaw.
Uskayaw was noncommittal.
You were a filthy swine.
You visited 1 branch of the dungeon, and saw 3 of its levels.

You collected 97 gold pieces.

Inventory:

Jewellery
 n - a ring of ice
 Z - a ring of see invisible (melded)
Talismans
 b - a beast talisman (active)
 c - a flux talisman
Wands
 o - a wand of paralysis (6)
Scrolls
 e - 3 scrolls of identify {unknown}
 g - a scroll of poison {unknown}
 h - a scroll of acquirement {unknown}
 j - a scroll of summoning {unknown}
 k - a scroll of fog {unknown}
 m - a scroll of fear {unknown}
Potions
 a - a potion of lignification {!q}


   Skills:
 + Level 2.2 Fighting
 + Level 2.9 Dodging
 + Level 3.7 Unarmed Combat
 * Level 4.1 Shapeshifting


You had 4 spell levels left.
You didn't know any spells.
Your spell library was empty.

Dungeon Overview and Level Annotations

Branches:
Dungeon (3/15)

Altars:
Uskayaw

Annotations:
D:3 Jessica


Innate Abilities, Weirdness & Mutations

You are a filthy swine.
You move quickly.
Your equipment is almost entirely melded.
You are incapable of wielding weapons or throwing items.
You cannot cast spells.
You cannot wear most types of armour.
((You are amphibious.))
((You can wear up to eight rings at the same time.))
((Your skin changes colour to match your surroundings (Stealth+).))
((Your rubbery body absorbs attacks. (AC +1, EV +1)))
((You are camouflaged when in or above water. (Stealth+)))
((You have tentacles for arms and can constrict up to eight enemies at once.))
((One of your tentacles bears a spike.))
((You are partially covered in large bone plates. (SH +4)))
You are robust. (+10% HP)
You have hidden genetic defects.


Message History

One of your lower tentacles grows a sharp spike.
Large bone plates grow over parts of your tentacles.
You feel a hidden malignance growing inside you.
You feel robust.
You feel yourself speed up. The adder completely misses you.
The adder barely misses you.
It was a potion of might.
You feel very mighty all of a sudden.
Your transformation is almost over.
The adder barely misses you. The adder misses you.
You closely miss the adder.
The adder is heavily wounded.
The adder barely misses you.
You miss the adder.
The adder is heavily wounded.
The adder barely misses you.
You closely miss the adder.
The adder is moderately wounded.
The adder closely misses you.
You barely miss the adder.
The adder is moderately wounded.
The adder bites you.
* * * LOW HITPOINT WARNING * * *
You are poisoned.
The adder poisons you!
Jessica gestures wildly while chanting.
Jessica blinks!
Jessica is attracted toward you.
You are stuck in your current form!
It was a potion of haste.
You feel yourself speed up.
You feel sick. The adder closely misses you. Jessica hits you with a +0 dagger.
* * * LOW HITPOINT WARNING * * *
The adder closely misses you.
Unknown command.
Okay, then.
You hit the adder.
The adder is severely wounded.
You feel sick. Jessica barely misses you.
You miss the adder.
The adder is severely wounded.
You feel sick. The adder barely misses you. Jessica hits you with a +0 dagger!
You die...

#####.......# #.!
... #.......# ....#.
# ##.#.##.# ##.#.. #
#....#.# #....### #
#......#.##..#...# #
##...###....!....#.#
# #...# #........# #
#...# #S##.##.## #
#...# #h# #
#######...######@#
...............ยง.#
.................#
...........).....#
#######...########
#...# #...# #...#


You could see an adder and Jessica (fast).

Vanquished Creatures
  Crazy Yiuf (D:2)
  Ijyb (D:3)
  Terence (D:2)
  An adder (D:2)
  2 dart slugs (D:1)
  2 ribbon worms
  An orc (D:3)
  4 endoplasms (D:1)
  A giant cockroach (D:1)
  3 goblins
  6 hobgoblins
  2 quokkas
  6 ball pythons
  2 bats
  7 frilled lizards
  5 kobolds
  A rat (D:1)
46 creatures vanquished.

Notes
Turn   | Place    | Note
-------+----------+-------------------------------------------
     0 | D:1      | Aviak the Octopode Shapeshifter began the quest for the
                  | Orb.
     0 | D:1      | Reached XP level 1. HP: 13/13 MP: 1/1
    51 | D:1      | Found a faded altar of an unknown god.
    66 | D:1      | Prayed at the altar of an unknown god.
    66 | D:1      | Became a worshipper of Uskayaw the Reveller
    66 | D:1      | Reached * piety under Uskayaw
   172 | D:1      | Reached ** piety under Uskayaw
   248 | D:1      | Reached XP level 2. HP: 10/18 MP: 2/2
   250 | D:1      | Reached *** piety under Uskayaw
   631 | D:1      | Reached XP level 3. HP: 17/23 MP: 3/3
  1466 | D:2      | Noticed Terence
  1481 | D:2      | Killed Terence
  1482 | D:2      | Reached XP level 4. HP: 10/29 MP: 4/4
  1580 | D:2      | Found a runed translucent door.
  1581 | D:2      | Noticed Crazy Yiuf
  2013 | D:2      | Killed Crazy Yiuf
  2221 | D:3      | Reached skill level 4 in Shapeshifting
  2357 | D:3      | Noticed Ijyb
  2365 | D:3      | Paralysed by Ijyb for 4 turns
  2371 | D:3      | Reached XP level 5. HP: 3/34 MP: 1/5
  2371 | D:3      | Killed Ijyb
  2588 | D:3      | Noticed Jessica
  2602 | D:3      | Gained mutation: One of your tentacles bears a spike.
                  | [potion of mutation]
  2602 | D:3      | Gained mutation: You are partially covered in large bone
                  | plates. (SH +4) [potion of mutation]
  2602 | D:3      | Gained mutation: You have hidden genetic defects. [potion
                  | of mutation]
  2602 | D:3      | Gained mutation: You are robust. (+10% HP) [potion of
                  | mutation]
  2610 | D:3      | Slain by Jessica

Illustrated notes

Levels and vault maps discovered:
D:1:      lightli_arrival_noodles, layout_loops_corners, basic_ecumenical_altar,
          chequers_serial_rivers_small_3, nrook_mini_vaults
D:2:      layout_loops_corners, chequers_avenue, uniq_crazy_yiuf_cottage,
          uniq_terence
D:3:      layout_loops_cross, uniq_ijyb, uniq_jessica

Skill      XL: |  1  2  3  4 |
---------------+-------------+-----
Fighting       | 2 |  2.2
Shapeshifting  | 4 |  4.1
Dodging        | |  2.9
Unarmed Combat | |  3.7

Action                     |  1- 3 |  4- 6 || total
---------------------------+-------+-------++-------
  Melee: Unarmed           |    73 |    36 ||   109
         Constrict         |    16 |     6 ||    22
         Tentacles         |     9 |     6 ||    15
         Punch             |     1 |     3 ||     4
 Invoke: Stomp             |       |     1 ||     1
    Use: Potion            |       |     4 ||     4
   Stab: Sleeping          |     8 |     1 ||     9
 Armour: Skin              |    27 |    26 ||    53
  Dodge: Dodged            |    33 |    38 ||    71
   Form: Beast             |     1 |       ||     1
